 Dungeon Crawl Stone Soup version 0.31-a0-174-g85c54bcb58 (webtiles) character file.

Game seed: 10833767375898793417

33 qw the Chopper (level 3, -5/23 HPs)
             Began as a Gargoyle Fighter on June 15, 2023.
             Slain by Sigmund
             ... wielding a +0 scythe
              (6 damage)
             ... on level 2 of the Dungeon.
             The game lasted 00:00:36 (1215 turns).

qw the Chopper (Gargoyle Fighter)                   Turns: 1215, Time: 00:00:36

Health: -5/23      AC: 11    Str: 21    XL:     3   Next: 29%
Magic:  3/3        EV:  9    Int:  8    God:
Gold:   40         SH:  4    Dex:  9    Spells: 2/2 levels left

rFire   . . .        Y - +0 war axe
rCold   . . .        c - +0 buckler
rNeg    + . .        b - +0 scale mail
rPois   inf          (no helmet)
rElec   +            (no cloak)
rCorr   .            l - +0 pair of gloves
SInv    .            (no boots)
Will    .....        (no amulet) Stlth
                     (no ring)
HPRegen 0.23/turn    (no ring)
MPRegen 0.08/turn

%: no passive effects
@: no status effects
A: sickness immunity, AC +3, negative energy resistance 1, electricity
resistance, torment resistance 1, petrification resistance
a: no special abilities


You were on level 2 of the Dungeon.
You visited 1 branch of the dungeon, and saw 2 of its levels.

You collected 40 gold pieces.


Innate Abilities, Weirdness & Mutations

You are immune to sickness and miasma.
Your stone body is resilient. (AC +3)
You are immune to poison.
You resist negative energy. (rN+)
You are resistant to electric shocks. (rElec)
You are resistant to unholy torment.
You are immune to petrification.


   Skills:
 - Level 3.2 Fighting
 + Level 3.3 Axes
 - Level 3.2 Armour
 - Level 3.2 Shields


You had 2 spell levels left.
You didn't know any spells.
Your spell library was empty.

Inventory:

Hand Weapons
 k - a +0 whip
 Y - a +0 war axe (weapon)
Armour
 b - a +0 scale mail (worn)
 c - a +0 buckler (worn)
 l - a +0 pair of gloves (worn)
Potions
 d - a potion of might
 h - a potion of curing {unknown}
 j - a potion of brilliance {unknown}
 m - a potion of berserk rage {unknown}
 n - a potion of heal wounds {unknown}

Dungeon Overview and Level Annotations

Branches:
Dungeon (2/15)

Altars:

Annotations:
D:2 Sigmund


Message History

Found 2 poisoned darts.
A giant cockroach comes into view.
You hit the giant cockroach but do no damage.
The giant cockroach waves its antennae.
The giant cockroach misses you.
The giant cockroach bites you but does no damage.
You hit the giant cockroach.
You kill the giant cockroach!
Sigmund the Dreaded comes into view.
He is wielding a +0 scythe.
Sigmund shouts!
Sigmund closely misses you. Sigmund hits you with a +0 scythe.
You barely miss Sigmund. You block Sigmund's attack.
You closely miss Sigmund. You barely miss Sigmund. Sigmund barely misses you.
You barely miss Sigmund.
Sigmund casts a spell.
Sigmund flickers and vanishes!
Deactivating autopickup; reactivate with Ctrl-A.
Something hits you but does no damage.
You hit something. You barely miss something.
Something hits you but does no damage.
You hit something. Something hits you but does no damage.
You closely miss something. Something hits you.
You barely miss something. Something hits you.
You miss something. Something hits you!
You closely miss something. Something hits you!
You barely miss something. Something hits you but does no damage.
You closely miss something. Something hits you.
You die...

## #.
######.###
.......#.#
......{@.#
.#####(#.#
#.#.# #.#
#.#.# #.#
#.#.#
#.#####.#.#
#.#.....#.#
#.#.####..#
#.#.......#


There were no monsters in sight!

Vanquished Creatures
  An endoplasm (D:1)
  2 giant cockroaches
  4 goblins (D:1)
  2 hobgoblins (D:1)
  2 jackals (D:1)
  A quokka (D:1)
  3 ball pythons (D:1)
  6 bats (D:1)
  A frilled lizard (D:1)
  2 kobolds (D:1)
  4 rats (D:1)
28 creatures vanquished.

Notes
Turn   | Place    | Note
-------+----------+-------------------------------------------
     0 | D:1      | qw the Gargoyle Fighter began the quest for the Orb.
     0 | D:1      | Reached XP level 1. HP: 14/14 MP: 1/1
     0 | D:1      | 0 ||| qw: Version: 0.2-a-29-g511e9b1
     0 | D:1      | 0 ||| qw: Game counter: 5542
     0 | D:1      | 0 ||| qw: Always use a shield: true
     0 | D:1      | 0 ||| qw: God list: Okawaru
     0 | D:1      | 0 ||| qw: Allow faded altars: false
     0 | D:1      | 0 ||| qw: Do Orc after D:15 true
     0 | D:1      | 0 ||| qw: Do second Lair branch before Depths: true
     0 | D:1      | 0 ||| qw: Lair rune preference: random
     0 | D:1      | 0 ||| qw: Plans: Normal, Zot:1-4, Slime:5, God:TSO, Crypt,
                  | Tomb, Abyss, Pan, Hells, Win
     0 | D:1      | 0 ||| PLANNING D:1-11
   222 | D:1      | 222 ||| DROPPING +0 club.
   255 | D:1      | Reached XP level 2. HP: 19/19 MP: 2/2
   581 | D:1      | Reached skill level 3 in Axes
   814 | D:1      | Reached XP level 3. HP: 23/23 MP: 3/3
  1134 | D:1      | 1134 ||| UPGRADING to +0 pair of gloves.
  1139 | D:1      | 1139 ||| READING scroll labelled UWOESE WODWUZ.
  1140 | D:1      | 1140 ||| READING scroll labelled SACRUQ CASODE.
  1141 | D:1      | 1141 ||| READING scroll labelled FYUWEWI USHIHU.
  1142 | D:1      | 1142 ||| READING scroll labelled NIORAWKU ALAO.
  1147 | D:1      | 1147 ||| DRINKING 2 amethyst potions.
  1148 | D:1      | 1148 ||| DROPPING potion of enlightenment.
  1201 | D:2      | Noticed Sigmund
  1213 | D:2      | HP: 1/23 [something (7)]
  1215 | D:2      | Slain by Sigmund

Levels and vault maps discovered:
D:1:      minmay_arrival_nine_rooms, layout_loops_corners
D:2:      layout_basic, shapermc_ecumenical_altar_mp_urbaneastern, uniq_sigmund,
          uniq_jessica

Skill      XL: |  1  2 |
---------------+-------+-----
Axes           | 2 3 |  3.3
Fighting       | |  3.2
Armour         | |  3.2
Shields        | |  3.2

Action                     || total
---------------------------++-------
  Melee: War axe           ||    96
    Use: Scroll            ||     4
         Potion            ||     1
 Armour: Scale mail        ||    42
  Dodge: Dodged            ||    48
  Block: Buckler           ||    17

Table legend:
 A = Non-vault XP
 B = Vault XP
 C = Vault XP percentage of total XP
 D = Non-vault monster count
 E = Vault monster count
 F = Vault count percentage of total count
                 A         B        C        D         E       F
            +---------+---------+-------+---------+---------+-------
      Total |      48 |       0 |   0.0 |      28 |       0 |   0.0
            +---------+---------+-------+---------+---------+-------
        D:1 |      46 |       0 |   0.0 |      27 |       0 |   0.0
        D:2 |       2 |       0 |   0.0 |       1 |       0 |   0.0
            +---------+---------+-------+---------+---------+-------
